Remparts vs Knights

Created - December 4, 2018 at 19:06

Goals
1 2 3 T
Remparts 0 4 2 6
Knights 1 0 1 2
Shots
1 2 3 T
Remparts 6 13 12 31
Knights 19 12 10 41

1st period

1. Knights , Noel Acciari 12 (Michael Raffl 15) at 0:06

Penalties :
Guillaume Desbiens (Que) for Diving (Minor) at 14:58

2nd period

2. Remparts , Cédric Lalonde-McNicoll 3 (Ryan Strome 10, Tyler Plante) at 6:47 (PP)
3. Remparts , Brandon Mashinter 5 (Michal Jordan 9) at 14:47
4. Remparts , Roberts Lipsbergs 1 (Nail Yakupov 4, Brandon Mashinter 14) at 17:40
5. Remparts , Ryan Strome 10 (Max Reinhart 14, Griffin Reinhart 5) at 18:54

Penalties :
Tom Wilson (Lon) for Hooking (Minor) at 6:34

3rd period

6. Remparts , Max Reinhart 9 (Griffin Reinhart 6, Michal Jordan 10) at 8:17 (PP)
7. Remparts , Chris Mueller 8 (Erik Gustafsson 9, Juuso Ikonen 1) at 9:22
8. Knights , Pavel Buchnevich 18 (Noel Acciari 20) at 17:48 (PP)

Penalties :
Jordan Martinook (Lon) for Interference (Minor) at 8:01, Ryan Strome (Que) for Boarding (Minor) at 12:31, Brandon Mashinter (Que) for Hooking (Minor) at 16:17, Juuso Ikonen (Que) for Interference (Minor) at 19:17

Goalie Stats

Tyler Plante (Que), 39 saves from 41 shots - (0.951), W, 4-3-1, 60:00 minutes
Ben Scrivens (Lon), 14 saves from 18 shots - (0.778), L, 11-4-1, 38:54 minutes
Magnus Hellberg (Lon), 11 saves from 13 shots - (0.846), 21:06 minutes

Players Stats for Remparts

Player Name              G  A  P  +/- PIM S  H  SB GA TA FO     MP     PP MP  PK MP  
------------------------------------------------------------------------------------
Brandon Gormley          0  0  0   0  0   2  1  2  1  1  0/0    28:12   0:13   3:45 
Brandon Mashinter        1  1  2   2  2   2  1  0  0  0  5/11   14:31   0:00   1:37 
Cédric Lalonde-McNicoll  1  0  1   0  0   5  1  1  1  0  7/18   14:46   0:13   1:00 
Chris Mueller            1  0  1   1  0   2  1  0  0  0  2/3     8:13   0:00   0:00 
Daniel Paille            0  0  0   0  0   2  1  1  2  0  1/1    15:41   0:13   1:34 
Erik Gustafsson          0  1  1   0  0   1  0  0  2  0  0/0    27:23   0:13   2:26 
Griffin Reinhart         0  2  2   3  0   1  0  3  0  0  0/0    17:29   0:16   0:00 
Guillaume Desbiens       0  0  0   0  2   3  1  0  2  1  1/1    21:42   0:16   2:38 
Justin Williams          0  0  0   1  0   0  0  0  0  1  0/0     8:13   0:00   0:00 
Juuso Ikonen             0  1  1   1  2   1  0  0  0  1  0/0    15:15   0:00   1:30 
Max Reinhart             1  1  2   0  0   4  2  0  0  1  15/28  22:58   0:16   4:03 
Michal Jordan            0  2  2   3  0   0  1  1  1  1  0/0    20:25   0:16   2:26 
Nail Yakupov             0  1  1   2  0   1  0  0  1  0  1/1    13:01   0:16   0:00 
Niklas Hansson           0  0  0   0  0   1  0  1  0  0  0/0    15:08   0:00   3:45 
Pontus Aberg             0  0  0  -1  0   1  1  2  0  0  0/0     6:58   0:00   0:00 
Roberts Lipsbergs        1  0  1   2  0   1  1  0  0  0  0/1    12:45   0:00   0:00 
Ryan Strome              1  1  2   1  2   4  1  0  0  0  0/0    19:42   0:13   0:00 
Viktor Baldayev          0  0  0   0  0   0  2  2  0  0  0/0    11:23   0:00   0:00 

Players Stats for Knights

Player Name              G  A  P  +/- PIM S  H  SB GA TA FO     MP     PP MP  PK MP  
------------------------------------------------------------------------------------
Brendan Gaunce           0  0  0   0  0   0  0  0  0  0  4/8    10:16   0:00   0:00 
Collin Miller            0  0  0   0  0   0  1  1  0  1  0/0     2:30   0:00   0:00 
Jaccob Slavin            0  0  0  -3  0   4  0  5  0  1  0/0    27:16   4:38   0:00 
Jared Spurgeon           0  0  0   1  0   4  1  1  0  1  0/0    27:18   1:42   0:00 
Jonathan Drouin          0  0  0  -1  0   4  0  0  1  0  4/6    10:02   0:00   0:00 
Jordan Martinook         0  0  0  -2  2   1  2  0  0  0  0/0    14:49   0:00   0:00 
Josh Bailey              0  0  0   0  0   1  1  0  0  1  0/0    13:30   3:12   0:00 
Josh Morrissey           0  0  0  -1  0   0  1  1  0  0  0/0    16:01   0:27   0:00 
Linden Vey               0  0  0  -2  0   3  5  1  0  2  3/4    18:33   3:12   0:29 
Michael Matheson         0  0  0  -3  0   1  1  2  0  1  0/0    22:19   1:33   0:29 
Michael Raffl            0  1  1   0  0   3  2  1  0  0  0/0    21:38   2:59   0:29 
Miro Aaltonen            0  0  0  -2  0   4  1  0  3  0  5/15   18:04   3:12   0:00 
Nicolas Petan            0  0  0   0  0   0  0  0  0  0  0/0     0:00   0:00   0:00 
Noel Acciari             1  1  2  -1  0   6  3  2  2  0  16/31  21:33   2:59   0:00 
Pavel Buchnevich         1  0  1   0  0   1  1  1  0  2  0/0    21:09   2:59   0:00 
Scott Wilson             0  0  0   0  0   1  2  0  0  0  0/0    10:16   0:00   0:00 
Tom Wilson               0  0  0  -1  2   4  1  0  0  0  0/0    10:01   0:00   0:00 
Tomas Kundratek          0  0  0   1  0   4  3  0  0  1  0/0    24:12   4:02   0:29 
Valentin Zykov           0  0  0  -1  0   0  0  0  0  0  0/0    10:02   0:00   0:00 

3 Stars

1 - Tyler Plante (Que)
2 - Michal Jordan (Que)
3 - Griffin Reinhart (Que)

Power Play

Remparts - 2 on 2 Attempt(s) - 100.00%
Knights - 1 on 4 Attempt(s) - 25.00%

Penalty Kill

Remparts - 3 on 4 Attempt(s) - 75.00% - Score 0 goal in Penalty Kill
Knights - 0 on 2 Attempt(s) - 0.00% - Score 0 goal in Penalty Kill

Team Stat

Remparts - Hits : 14 - Faceoff Wins : 32 - Blocked Shots : 13 - Penalty Minutes : 8
Knights - Hits : 25 - Faceoff Wins : 32 - Blocked Shots : 15 - Penalty Minutes : 4

Official

Referees : Unknown
Linesman : Unknown

Game Notes

Collin Miller is injured at 8:51 of 1st period (Left Foot)
1:27 of 2nd period - Knights goal is going for a video replay. After video review, No Goal. The goalkeeper has been pushed into the net together with the puck after making a save.
Pontus Aberg is injured at 2:17 of 2nd period (Torso)
Magnus Hellberg enters game at 18:54 of 2nd period

Finance

Level 1 -- Attendance: 1611 (80.55%) -- Ticket Income $43,497
Level 2 -- Attendance: 789 (78.90%) -- Ticket Income $11,835
Total Attendance: 2400 (80.00%)
Total Ticket Income: $55,332
Other Income: $2,767
Total Income: $58,099

Remparts

5 vs 5 Forward 
   Center                   Left Wing                Right Wing               Time % Phy DF OF 
 1 Max Reinhart             Pontus Aberg             Guillaume Desbiens       40     1   2  2  
 2 Cédric Lalonde-McNicoll  Daniel Paille            Ryan Strome              30     1   2  2  
 3 Brandon Mashinter        Roberts Lipsbergs        Nail Yakupov             20     1   2  2  
 4 Chris Mueller            Juuso Ikonen             Justin Williams          10     1   2  2  

5 vs 5 Defense 
   Defense                  Defense                                           Time % Phy DF OF 
 1 Brandon Gormley          Erik Gustafsson                                   40     1   2  2  
 2 Griffin Reinhart         Michal Jordan                                     30     1   2  2  
 3 Viktor Baldayev          Niklas Hansson                                    20     1   2  2  
 4 Brandon Gormley          Erik Gustafsson                                   10     1   2  2  

PowerPlay Forward 
   Center                   Left Wing                Right Wing               Time % Phy DF OF 
 1 Max Reinhart             Pontus Aberg             Guillaume Desbiens       60     1   2  2  
 2 Cédric Lalonde-McNicoll  Daniel Paille            Ryan Strome              40     1   2  2  

PowerPlay Defense
   Defense                  Defense                                           Time % Phy DF OF 
 1 Brandon Gormley          Erik Gustafsson                                   60     1   2  2  
 2 Michal Jordan            Griffin Reinhart                                  40     1   2  2  

Penalty Kill 4 Players Forward 
   Center                   Wing                     Time % Phy DF OF 
 1 Max Reinhart             Guillaume Desbiens       60     1   2  2  
 2 Cédric Lalonde-McNicoll  Daniel Paille            40     1   2  2  

Penalty Kill 4 Players Defense
   Defense                  Defense                  Time % Phy DF OF 
 1 Brandon Gormley          Niklas Hansson           60     1   2  2  
 2 Erik Gustafsson          Michal Jordan            40     1   2  2  

Penalty Kill - 3 Players Forward 
   Forward                                           Time % Phy DF OF 
 1 Max Reinhart                                      60     1   2  2  
 2 Cédric Lalonde-McNicoll                           40     1   2  2  

Penalty Kill - 3 Players Defense
   Defense                  Defense                  Time % Phy DF OF 
 1 Brandon Gormley          Niklas Hansson           60     1   2  2  
 2 Erik Gustafsson          Michal Jordan            40     1   2  2  

4 vs 4 Forward 
   Center                   Wing                     Time % Phy DF OF 
 1 Max Reinhart             Pontus Aberg             60     1   2  2  
 2 Cédric Lalonde-McNicoll  Ryan Strome              40     1   2  2  

4 vs 4 Defense
   Defense                  Defense                  Time % Phy DF OF 
 1 Brandon Gormley          Erik Gustafsson          60     1   2  2  
 2 Michal Jordan            Griffin Reinhart         40     1   2  2  

Last Minutes Offensive
   Center                   Left Wing                Right Wing               Defense                  Defense                  
   Max Reinhart             Pontus Aberg             Guillaume Desbiens       Brandon Gormley          Erik Gustafsson          

Last Minutes Defensive
   Center                   Left Wing                Right Wing               Defense                  Defense                  
   Max Reinhart             Daniel Paille            Guillaume Desbiens       Brandon Gormley          Niklas Hansson           

Goaltenders
Starting : Tyler Plante             
Backup : Igor Bobkov              

Extra Forwards
Normal : Ryan Strome, Pontus Aberg, Max Reinhart - PP : Nail Yakupov, Ryan Strome - PK : Brandon Mashinter
Extra Defensemen
Normal : Griffin Reinhart, Brandon Gormley, Michal Jordan - PP : Griffin Reinhart - PK : Griffin Reinhart, Michal Jordan
Penalty Shots
Daniel Paille, Ryan Strome, Justin Williams, Brandon Mashinter, Pontus Aberg

Scratches
Michael Downing (Healthy), Keaton Thompson (Healthy), Kyle Platzer (Healthy), Connor Honey (Healthy), Anton Zlobin (Healthy)
Mitchell Heard (Healthy), Tim Bozon (Healthy), François Brassard (Healthy), Jason Missiaen (Healthy)

Knights

5 vs 5 Forward 
   Center                   Left Wing                Right Wing               Time % Phy DF OF 
 1 Noel Acciari             Michael Raffl            Pavel Buchnevich         38     1   2  2  
 2 Miro Aaltonen            Jordan Martinook         Linden Vey               32     1   2  2  
 3 Brendan Gaunce           Scott Wilson             Josh Bailey              15     1   2  2  
 4 Jonathan Drouin          Valentin Zykov           Tom Wilson               15     2   1  2  

5 vs 5 Defense 
   Defense                  Defense                                           Time % Phy DF OF 
 1 Jared Spurgeon           Tomas Kundratek                                   40     1   2  2  
 2 Michael Matheson         Jaccob Slavin                                     30     1   1  3  
 3 Josh Morrissey           Collin Miller                                     20     1   2  2  
 4 Jared Spurgeon           Jaccob Slavin                                     10     1   2  2  

PowerPlay Forward 
   Center                   Left Wing                Right Wing               Time % Phy DF OF 
 1 Noel Acciari             Michael Raffl            Pavel Buchnevich         60     1   1  3  
 2 Miro Aaltonen            Linden Vey               Josh Bailey              40     1   1  3  

PowerPlay Defense
   Defense                  Defense                                           Time % Phy DF OF 
 1 Jaccob Slavin            Jared Spurgeon                                    60     0   1  4  
 2 Collin Miller            Tomas Kundratek                                   40     0   1  4  

Penalty Kill 4 Players Forward 
   Center                   Wing                     Time % Phy DF OF 
 1 Linden Vey               Michael Raffl            60     1   3  1  
 2 Noel Acciari             Tom Wilson               40     1   3  1  

Penalty Kill 4 Players Defense
   Defense                  Defense                  Time % Phy DF OF 
 1 Michael Matheson         Tomas Kundratek          60     1   3  1  
 2 Jared Spurgeon           Collin Miller            40     1   3  1  

Penalty Kill - 3 Players Forward 
   Forward                                           Time % Phy DF OF 
 1 Michael Raffl                                     60     0   4  1  
 2 Linden Vey                                        40     0   4  1  

Penalty Kill - 3 Players Defense
   Defense                  Defense                  Time % Phy DF OF 
 1 Tomas Kundratek          Jared Spurgeon           60     1   3  1  
 2 Jaccob Slavin            Collin Miller            40     1   3  1  

4 vs 4 Forward 
   Center                   Wing                     Time % Phy DF OF 
 1 Noel Acciari             Michael Raffl            60     1   2  2  
 2 Miro Aaltonen            Josh Bailey              40     1   2  2  

4 vs 4 Defense
   Defense                  Defense                  Time % Phy DF OF 
 1 Jared Spurgeon           Jaccob Slavin            60     1   2  2  
 2 Michael Matheson         Tomas Kundratek          40     1   2  2  

Last Minutes Offensive
   Center                   Left Wing                Right Wing               Defense                  Defense                  
   Miro Aaltonen            Michael Raffl            Josh Bailey              Jared Spurgeon           Jaccob Slavin            

Last Minutes Defensive
   Center                   Left Wing                Right Wing               Defense                  Defense                  
   Noel Acciari             Michael Raffl            Tom Wilson               Tomas Kundratek          Jared Spurgeon           

Goaltenders
Starting : Ben Scrivens             
Backup : Magnus Hellberg          

Extra Forwards
Normal : Tom Wilson, Linden Vey, Michael Raffl - PP : Tom Wilson, Michael Raffl - PK : Michael Raffl
Extra Defensemen
Normal : Jaccob Slavin, Jared Spurgeon, Michael Matheson - PP : Jaccob Slavin - PK : Jaccob Slavin, Jared Spurgeon
Penalty Shots
Michael Raffl, Noel Acciari, Pavel Buchnevich, Tom Wilson, Linden Vey

Scratches
Zach Nastasiuk (Healthy), Cody Bass (Healthy), Alan Quine (Healthy), Matt Puempel (Healthy), David Shields (Healthy)
Matthew Benning (Healthy), Matt Grzelcyk (Healthy), Trevor Moore (Healthy), Curtis Valk (Healthy), Anthony Louis (Healthy)
Ludwig Bystrom (Healthy), Brett Connolly (Healthy), Travis Boyd (Healthy), Zach Trotman (Healthy), Anton Blidh (Healthy)
A.J. Jenks (Healthy), Connor Knapp (Healthy), Eamon McAdam (Healthy), Philippe Desrosiers (Healthy), Ville Husso (Healthy)

% Time on Ice - Remparts

Lines # - Real PCT - Wanted PCT - Time Play
Normal Forward
1 - 35% - 40% - 18:49
2 - 25% - 30% - 13:33
3 - 24% - 20% - 12:45
4 - 15% - 10% - 8:13
Normal Defense
1 - 39% - 40% - 20:36
2 - 33% - 30% - 17:43
3 - 21% - 20% - 11:23
4 - 7% - 10% - 3:38
PP Forward
1 - 55% - 60% - 0:16
2 - 45% - 40% - 0:13
PP Defense
1 - 45% - 60% - 0:13
2 - 55% - 40% - 0:16
PK Forward
1 - 84% - 60% - 5:11
2 - 16% - 40% - 1:00
PK Defense
1 - 61% - 60% - 3:45
2 - 39% - 40% - 2:26
PK3 Forward
1 - 0% - 60%
2 - 0% - 40%
PK3 Defense
1 - 0% - 60%
2 - 0% - 40%
44 Forward
1 - 0% - 60%
2 - 0% - 40%
44 Defense
1 - 0% - 60%
2 - 0% - 40%
Last Minute Offensive  - 0:00
Last Minute Defensive  - 0:00
Total
Forward - 60:00
Defense - 60:00

% Time on Ice - Knights

Lines # - Real PCT - Wanted PCT - Time Play
Normal Forward
1 - 34% - 38% - 18:10
2 - 28% - 32% - 14:52
3 - 19% - 15% - 10:16
4 - 19% - 15% - 10:02
Normal Defense
1 - 36% - 40% - 19:26
2 - 27% - 30% - 14:37
3 - 30% - 20% - 16:06
4 - 6% - 10% - 3:11
PP Forward
1 - 48% - 60% - 2:59
2 - 52% - 40% - 3:12
PP Defense
1 - 27% - 60% - 1:42
2 - 73% - 40% - 4:29
PK Forward
1 - 100% - 60% - 0:29
2 - 0% - 40% - 0:00
PK Defense
1 - 100% - 60% - 0:29
2 - 0% - 40% - 0:00
PK3 Forward
1 - 0% - 60%
2 - 0% - 40%
PK3 Defense
1 - 0% - 60%
2 - 0% - 40%
44 Forward
1 - 0% - 60%
2 - 0% - 40%
44 Defense
1 - 0% - 60%
2 - 0% - 40%
Last Minute Offensive  - 0:00
Last Minute Defensive  - 0:00
Total
Forward - 60:00
Defense - 60:00

Play by Play

1st period


0:01 of 1st period - Noel Acciari wins face-off versus Max Reinhart in neutral zone.
0:06 of 1st period - Snap shot by Noel Acciari.
0:06 of 1st period - Goal by Noel Acciari - Remparts : 0 - Knights : 1.
0:07 of 1st period - Linden Vey wins face-off versus Cédric Lalonde-McNicoll in neutral zone.
0:20 of 1st period - Wrist shot by Linden Vey.
0:20 of 1st period - Shot Blocked by Griffin Reinhart.
0:38 of 1st period - Snap shot by Scott Wilson.
0:38 of 1st period - Stopped by Tyler Plante with a rebound.
0:54 of 1st period - Pontus Aberg is hit by Collin Miller and loses puck.
1:05 of 1st period - Snap shot by Tom Wilson.
1:05 of 1st period - Stopped by Tyler Plante without a rebound.
1:06 of 1st period - Chris Mueller wins face-off versus Noel Acciari in Remparts zone.
2:14 of 1st period - Off-side.
2:15 of 1st period - Brandon Mashinter wins face-off versus Brendan Gaunce in neutral zone.
2:50 of 1st period - Slapshot by Pavel Buchnevich.
2:50 of 1st period - Deflect By Michael Raffl.
2:50 of 1st period - Shot Blocked by Griffin Reinhart.
2:50 of 1st period - Puck is out of play.
2:51 of 1st period - Cédric Lalonde-McNicoll wins face-off versus Miro Aaltonen in Remparts zone.
3:43 of 1st period - Michael Raffl is hit by Guillaume Desbiens and loses puck.
3:50 of 1st period - Snap shot by Guillaume Desbiens.
3:50 of 1st period - Deflect By Jaccob Slavin.
3:50 of 1st period - Stopped by Ben Scrivens with a rebound.
4:12 of 1st period - Wrist shot by Nail Yakupov.
4:12 of 1st period - Shot Misses the Net.
4:14 of 1st period - Wrist shot by Brandon Gormley.
4:14 of 1st period - Shot Blocked by Jaccob Slavin.
4:57 of 1st period - Wrist shot by Guillaume Desbiens.
4:57 of 1st period - Shot Blocked by Jaccob Slavin.
5:38 of 1st period - Slapshot by Guillaume Desbiens.
5:38 of 1st period - Shot Blocked by Noel Acciari.
5:43 of 1st period - Off-side.
5:44 of 1st period - Miro Aaltonen wins face-off versus Roberts Lipsbergs in neutral zone.
6:16 of 1st period - Slapshot by Brandon Mashinter.
6:16 of 1st period - Shot Misses the Net.
6:23 of 1st period - Off-side.
6:24 of 1st period - Max Reinhart wins face-off versus Noel Acciari in neutral zone.
6:49 of 1st period - Erik Gustafsson is hit by Linden Vey and loses puck.
6:55 of 1st period - Off-side.
6:56 of 1st period - Max Reinhart wins face-off versus Miro Aaltonen in neutral zone.
7:01 of 1st period - Snap shot by Pontus Aberg.
7:01 of 1st period - Stopped by Ben Scrivens with a rebound.
7:12 of 1st period - Slapshot by Max Reinhart.
7:12 of 1st period - Shot Misses the Net.
7:22 of 1st period - Cédric Lalonde-McNicoll is hit by Noel Acciari.
7:54 of 1st period - Off-side.
7:55 of 1st period - Miro Aaltonen wins face-off versus Max Reinhart in neutral zone.
8:08 of 1st period - Tomas Kundratek is hit by Viktor Baldayev and loses puck.
8:31 of 1st period - Snap shot by Daniel Paille.
8:31 of 1st period - Shot Misses the Net.
8:47 of 1st period - Snap shot by Chris Mueller.
8:47 of 1st period - Stopped by Ben Scrivens without a rebound.
8:48 of 1st period - Chris Mueller wins face-off versus Brendan Gaunce in Knights zone.
8:51 of 1st period - Slapshot by Brandon Gormley.
8:51 of 1st period - Shot Blocked by Collin Miller.
8:51 of 1st period - Collin Miller from Knights is injured at 8:51 of 1st period (Left Foot).
8:52 of 1st period - Max Reinhart wins face-off versus Noel Acciari in Knights zone.
8:59 of 1st period - Snap shot by Brandon Gormley.
8:59 of 1st period - Stopped by Ben Scrivens with a rebound.
9:07 of 1st period - Wrist shot by Noel Acciari.
9:07 of 1st period - Shot Misses the Net.
9:17 of 1st period - Max Reinhart is hit by Tom Wilson and loses puck.
9:42 of 1st period - Wrist shot by Guillaume Desbiens.
9:42 of 1st period - Shot Misses the Net.
9:44 of 1st period - Snap shot by Niklas Hansson.
9:44 of 1st period - Deflect By Jaccob Slavin.
9:44 of 1st period - Stopped by Ben Scrivens without a rebound.
9:45 of 1st period - Noel Acciari wins face-off versus Cédric Lalonde-McNicoll in Knights zone.
9:45 of 1st period - Noel Acciari is hit by Cédric Lalonde-McNicoll.
10:05 of 1st period - Tomas Kundratek is hit by Viktor Baldayev and loses puck.
10:20 of 1st period - Slapshot by Linden Vey.
10:20 of 1st period - Shot Misses the Net.
10:24 of 1st period - Slapshot by Miro Aaltonen.
10:24 of 1st period - Shot Misses the Net.
10:26 of 1st period - Snap shot by Linden Vey.
10:26 of 1st period - Stopped by Tyler Plante with a rebound.
10:28 of 1st period - Snap shot by Miro Aaltonen.
10:28 of 1st period - Stopped by Tyler Plante with a rebound.
11:50 of 1st period - Snap shot by Tom Wilson.
11:50 of 1st period - Shot Misses the Net.
11:52 of 1st period - Slapshot by Tomas Kundratek.
11:52 of 1st period - Stopped by Tyler Plante without a rebound.
11:53 of 1st period - Max Reinhart wins face-off versus Miro Aaltonen in Remparts zone.
12:18 of 1st period - Cédric Lalonde-McNicoll is hit by Josh Morrissey and loses puck.
12:49 of 1st period - Wrist shot by Josh Bailey.
12:49 of 1st period - Stopped by Tyler Plante with a rebound.
12:56 of 1st period - Icing by Brandon Mashinter.
12:57 of 1st period - Jonathan Drouin wins face-off versus Brandon Mashinter in Remparts zone.
12:58 of 1st period - Slapshot by Tom Wilson.
12:58 of 1st period - Stopped by Tyler Plante with a rebound.
13:00 of 1st period - Wrist shot by Miro Aaltonen.
13:00 of 1st period - Shot Blocked by Griffin Reinhart.
13:02 of 1st period - Backhand shot by Jared Spurgeon.
13:02 of 1st period - Shot Blocked by Michal Jordan.
13:06 of 1st period - Snap shot by Jordan Martinook.
13:06 of 1st period - Stopped by Tyler Plante with a rebound.
13:08 of 1st period - Backhand shot by Jordan Martinook.
13:08 of 1st period - Shot Misses the Net.
13:10 of 1st period - Snap shot by Miro Aaltonen.
13:10 of 1st period - Shot Misses the Net.
13:12 of 1st period - Wrist shot by Linden Vey.
13:12 of 1st period - Stopped by Tyler Plante with a rebound.
13:44 of 1st period - Brandon Gormley is hit by Scott Wilson and loses puck.
14:53 of 1st period - Snap shot by Michael Raffl.
14:53 of 1st period - Stopped by Tyler Plante with a rebound.
14:55 of 1st period - Slapshot by Michael Matheson.
14:55 of 1st period - Stopped by Tyler Plante without a rebound.
14:56 of 1st period - Max Reinhart wins face-off versus Noel Acciari in Remparts zone.
14:58 of 1st period - Minor Penalty to Guillaume Desbiens for Diving.
14:59 of 1st period - Noel Acciari wins face-off versus Max Reinhart in Remparts zone.
15:01 of 1st period - Snap shot by Michael Raffl.
15:01 of 1st period - Stopped by Tyler Plante with a rebound.
15:03 of 1st period - Wrist shot by Tomas Kundratek.
15:03 of 1st period - Deflect By Noel Acciari.
15:03 of 1st period - Stopped by Tyler Plante with a rebound.
15:05 of 1st period - Slapshot by Tomas Kundratek.
15:05 of 1st period - Stopped by Tyler Plante without a rebound.
15:06 of 1st period - Noel Acciari wins face-off versus Brandon Mashinter in Remparts zone.
15:11 of 1st period - Snap shot by Michael Raffl.
15:11 of 1st period - Shot Blocked by Brandon Gormley.
15:13 of 1st period - Snap shot by Noel Acciari.
15:13 of 1st period - Stopped by Tyler Plante with a rebound.
15:42 of 1st period - Off-side.
15:43 of 1st period - Noel Acciari wins face-off versus Brandon Mashinter in neutral zone.
15:54 of 1st period - Michal Jordan is hit by Pavel Buchnevich and loses puck.
16:58 of 1st period - Penalty to Guillaume Desbiens is over, Guillaume Desbiens is back on ice.
17:40 of 1st period - Michal Jordan is hit by Michael Matheson and loses puck.
17:53 of 1st period - Brandon Mashinter is hit by Linden Vey and loses puck.
18:06 of 1st period - Jared Spurgeon is hit by Pontus Aberg and loses puck.
18:23 of 1st period - Daniel Paille is hit by Scott Wilson and loses puck.
18:34 of 1st period - Viktor Baldayev is hit by Tomas Kundratek and loses puck.
18:45 of 1st period - Wrist shot by Jonathan Drouin.
18:45 of 1st period - Stopped by Tyler Plante with a rebound.
18:47 of 1st period - Slapshot by Tomas Kundratek.
18:47 of 1st period - Shot Blocked by Viktor Baldayev.
18:49 of 1st period - Slapshot by Tomas Kundratek.
18:49 of 1st period - Stopped by Tyler Plante with a rebound.
18:51 of 1st period - Slapshot by Tomas Kundratek.
18:51 of 1st period - Deflect By Jonathan Drouin.
18:51 of 1st period - Stopped by Tyler Plante with a rebound.
19:38 of 1st period - Slapshot by Ryan Strome.
19:38 of 1st period - Stopped by Ben Scrivens without a rebound.
19:39 of 1st period - Jonathan Drouin wins face-off versus Cédric Lalonde-McNicoll in Knights zone.
Goals for this period are 0 for Remparts vs 1 for Knights.
Shots for this period are 6 for Remparts vs 19 for Knights.

2nd period


0:01 of 2nd period - Max Reinhart wins face-off versus Noel Acciari in neutral zone.
0:16 of 2nd period - Slapshot by Guillaume Desbiens.
0:16 of 2nd period - Shot Blocked by Noel Acciari.
0:57 of 2nd period - Backhand shot by Michael Matheson.
0:57 of 2nd period - Shot Misses the Net.
0:59 of 2nd period - Slapshot by Jaccob Slavin.
0:59 of 2nd period - Stopped by Tyler Plante without a rebound.
1:00 of 2nd period - Brendan Gaunce wins face-off versus Max Reinhart in Remparts zone.
1:11 of 2nd period - Snap shot by Guillaume Desbiens.
1:11 of 2nd period - Shot Misses the Net.
1:13 of 2nd period - Slapshot by Guillaume Desbiens.
1:13 of 2nd period - Deflect By Max Reinhart.
1:13 of 2nd period - Stopped by Ben Scrivens without a rebound.
1:14 of 2nd period - Noel Acciari wins face-off versus Max Reinhart in Knights zone.
1:21 of 2nd period - Snap shot by Noel Acciari.
1:21 of 2nd period - Shot Blocked by Pontus Aberg.
1:23 of 2nd period - Slapshot by Tomas Kundratek.
1:23 of 2nd period - Stopped by Tyler Plante with a rebound.
1:25 of 2nd period - Slapshot by Jared Spurgeon.
1:25 of 2nd period - Stopped by Tyler Plante with a rebound.
1:27 of 2nd period - Wrist shot by Noel Acciari.
1:27 of 2nd period - Knights goal is going for a video replay.
1:27 of 2nd period - The goal is refused. The goalkeeper has been pushed into the net together with the puck after making a save..
1:28 of 2nd period - Max Reinhart wins face-off versus Linden Vey in Remparts zone.
1:44 of 2nd period - Off-side.
1:45 of 2nd period - Noel Acciari wins face-off versus Cédric Lalonde-McNicoll in neutral zone.
1:58 of 2nd period - Slapshot by Erik Gustafsson.
1:58 of 2nd period - Shot Misses the Net.
2:00 of 2nd period - Slapshot by Cédric Lalonde-McNicoll.
2:00 of 2nd period - Shot Blocked by Michael Raffl.
2:17 of 2nd period - Slapshot by Miro Aaltonen.
2:17 of 2nd period - Shot Blocked by Pontus Aberg.
2:17 of 2nd period - Pontus Aberg from Remparts is injured at 2:17 of 2nd period (Torso).
2:18 of 2nd period - Noel Acciari wins face-off versus Max Reinhart in Remparts zone.
2:23 of 2nd period - Snap shot by Pavel Buchnevich.
2:23 of 2nd period - Deflect By Michael Raffl.
2:23 of 2nd period - Stopped by Tyler Plante with a rebound.
2:43 of 2nd period - Brandon Gormley is hit by Jared Spurgeon and loses puck.
2:48 of 2nd period - Snap shot by Linden Vey.
2:48 of 2nd period - Stopped by Tyler Plante with a rebound.
3:27 of 2nd period - Slapshot by Max Reinhart.
3:27 of 2nd period - Shot Misses the Net.
3:29 of 2nd period - Slapshot by Erik Gustafsson.
3:29 of 2nd period - Shot Misses the Net.
3:33 of 2nd period - Snap shot by Guillaume Desbiens.
3:33 of 2nd period - Shot Misses the Net.
3:35 of 2nd period - Wrist shot by Max Reinhart.
3:35 of 2nd period - Shot Misses the Net.
3:37 of 2nd period - Snap shot by Max Reinhart.
3:37 of 2nd period - Stopped by Ben Scrivens with a rebound.
4:17 of 2nd period - Slapshot by Justin Williams.
4:17 of 2nd period - Shot Blocked by Jaccob Slavin.
4:41 of 2nd period - Slapshot by Nail Yakupov.
4:41 of 2nd period - Shot Misses the Net.
5:09 of 2nd period - Wrist shot by Tom Wilson.
5:09 of 2nd period - Stopped by Tyler Plante with a rebound.
5:15 of 2nd period - Wrist shot by Jonathan Drouin.
5:15 of 2nd period - Stopped by Tyler Plante without a rebound.
5:16 of 2nd period - Daniel Paille wins face-off versus Noel Acciari in Remparts zone.
6:07 of 2nd period - Icing by Brandon Gormley.
6:08 of 2nd period - Jonathan Drouin wins face-off versus Max Reinhart in Remparts zone.
6:34 of 2nd period - Minor Penalty to Tom Wilson for Hooking.
6:35 of 2nd period - Linden Vey wins face-off versus Cédric Lalonde-McNicoll in Knights zone.
6:47 of 2nd period - Snap shot by Cédric Lalonde-McNicoll.
6:47 of 2nd period - Goal by Cédric Lalonde-McNicoll - Remparts : 1 - Knights : 1.
6:48 of 2nd period - Max Reinhart wins face-off versus Noel Acciari in neutral zone.
7:18 of 2nd period - Slapshot by Jared Spurgeon.
7:18 of 2nd period - Stopped by Tyler Plante with a rebound.
7:20 of 2nd period - Wrist shot by Jared Spurgeon.
7:20 of 2nd period - Deflect By Brandon Gormley.
7:20 of 2nd period - Stopped by Tyler Plante with a rebound.
7:38 of 2nd period - Brandon Gormley is hit by Tomas Kundratek and loses puck.
7:55 of 2nd period - Wrist shot by Jonathan Drouin.
7:55 of 2nd period - Shot Blocked by Niklas Hansson.
8:15 of 2nd period - Viktor Baldayev is hit by Noel Acciari and loses puck.
8:56 of 2nd period - Snap shot by Ryan Strome.
8:56 of 2nd period - Stopped by Ben Scrivens with a rebound.
9:40 of 2nd period - Slapshot by Tomas Kundratek.
9:40 of 2nd period - Shot Blocked by Brandon Gormley.
9:52 of 2nd period - Slapshot by Jonathan Drouin.
9:52 of 2nd period - Stopped by Tyler Plante without a rebound.
9:53 of 2nd period - Brandon Mashinter wins face-off versus Jonathan Drouin in Remparts zone.
10:04 of 2nd period - Snap shot by Brandon Mashinter.
10:04 of 2nd period - Deflect By Jaccob Slavin.
10:04 of 2nd period - Shot Misses the Net.
10:04 of 2nd period - Puck is out of play.
10:05 of 2nd period - Max Reinhart wins face-off versus Noel Acciari in Knights zone.
10:06 of 2nd period - Snap shot by Guillaume Desbiens.
10:06 of 2nd period - Stopped by Ben Scrivens without a rebound.
10:07 of 2nd period - Noel Acciari wins face-off versus Max Reinhart in Knights zone.
10:07 of 2nd period - Noel Acciari is hit by Max Reinhart.
10:41 of 2nd period - Brandon Mashinter is hit by Linden Vey and loses puck.
11:27 of 2nd period - Icing by Jared Spurgeon.
11:28 of 2nd period - Jonathan Drouin wins face-off versus Max Reinhart in Knights zone.
11:53 of 2nd period - Pavel Buchnevich is hit by Brandon Mashinter and loses puck.
12:20 of 2nd period - Wrist shot by Chris Mueller.
12:20 of 2nd period - Shot Blocked by Michael Matheson.
12:40 of 2nd period - Slapshot by Max Reinhart.
12:40 of 2nd period - Stopped by Ben Scrivens without a rebound.
12:41 of 2nd period - Max Reinhart wins face-off versus Noel Acciari in Knights zone.
13:02 of 2nd period - Max Reinhart is hit by Tomas Kundratek and loses puck.
14:05 of 2nd period - Jared Spurgeon is hit by Ryan Strome and loses puck.
14:18 of 2nd period - Snap shot by Guillaume Desbiens.
14:18 of 2nd period - Shot Misses the Net.
14:20 of 2nd period - Wrist shot by Guillaume Desbiens.
14:20 of 2nd period - Stopped by Ben Scrivens with a rebound.
14:22 of 2nd period - Slapshot by Brandon Gormley.
14:22 of 2nd period - Shot Blocked by Jared Spurgeon.
14:24 of 2nd period - Wrist shot by Guillaume Desbiens.
14:24 of 2nd period - Shot Blocked by Pavel Buchnevich.
14:26 of 2nd period - Slapshot by Erik Gustafsson.
14:26 of 2nd period - Shot Misses the Net.
14:28 of 2nd period - Slapshot by Erik Gustafsson.
14:28 of 2nd period - Stopped by Ben Scrivens without a rebound.
14:29 of 2nd period - Brandon Mashinter wins face-off versus Miro Aaltonen in Knights zone.
14:39 of 2nd period - Slapshot by Miro Aaltonen.
14:39 of 2nd period - Stopped by Tyler Plante without a rebound.
14:40 of 2nd period - Brandon Mashinter wins face-off versus Miro Aaltonen in Remparts zone.
14:47 of 2nd period - Snap shot by Brandon Mashinter.
14:47 of 2nd period - Goal by Brandon Mashinter - Remparts : 2 - Knights : 1.
14:48 of 2nd period - Nail Yakupov wins face-off versus Miro Aaltonen in neutral zone.
14:59 of 2nd period - Wrist shot by Miro Aaltonen.
14:59 of 2nd period - Deflect By Linden Vey.
14:59 of 2nd period - Shot Misses the Net.
14:59 of 2nd period - Puck is out of play.
15:00 of 2nd period - Miro Aaltonen wins face-off versus Brandon Mashinter in Remparts zone.
15:38 of 2nd period - Snap shot by Justin Williams.
15:38 of 2nd period - Shot Hit the Post.
17:29 of 2nd period - Noel Acciari is hit by Roberts Lipsbergs.
17:30 of 2nd period - Icing by Noel Acciari.
17:31 of 2nd period - Brandon Mashinter wins face-off versus Jonathan Drouin in Knights zone.
17:38 of 2nd period - Wrist shot by Nail Yakupov.
17:38 of 2nd period - Stopped by Ben Scrivens with a rebound.
17:40 of 2nd period - Backhand shot by Nail Yakupov.
17:40 of 2nd period - Deflect By Roberts Lipsbergs.
17:40 of 2nd period - Goal by Roberts Lipsbergs - Remparts : 3 - Knights : 1.
17:41 of 2nd period - Noel Acciari wins face-off versus Cédric Lalonde-McNicoll in neutral zone.
17:57 of 2nd period - Slapshot by Pavel Buchnevich.
17:57 of 2nd period - Shot Misses the Net.
18:07 of 2nd period - Erik Gustafsson is hit by Miro Aaltonen and loses puck.
18:32 of 2nd period - Icing by Tomas Kundratek.
18:33 of 2nd period - Brendan Gaunce wins face-off versus Cédric Lalonde-McNicoll in Knights zone.
18:46 of 2nd period - Wrist shot by Brendan Gaunce.
18:46 of 2nd period - Deflect By Griffin Reinhart.
18:46 of 2nd period - Shot Misses the Net.
18:46 of 2nd period - Puck is out of play.
18:47 of 2nd period - Guillaume Desbiens wins face-off versus Noel Acciari in Remparts zone.
18:52 of 2nd period - Wrist shot by Max Reinhart.
18:52 of 2nd period - Shot Misses the Net.
18:54 of 2nd period - Snap shot by Ryan Strome.
18:54 of 2nd period - Goal by Ryan Strome - Remparts : 4 - Knights : 1.
18:54 of 2nd period - Magnus Hellberg enters game.
18:55 of 2nd period - Cédric Lalonde-McNicoll wins face-off versus Miro Aaltonen in neutral zone.
19:06 of 2nd period - Backhand shot by Daniel Paille.
19:06 of 2nd period - Shot Blocked by Michael Matheson.
19:08 of 2nd period - Snap shot by Cédric Lalonde-McNicoll.
19:08 of 2nd period - Shot Misses the Net.
19:10 of 2nd period - Snap shot by Daniel Paille.
19:10 of 2nd period - Stopped by Magnus Hellberg with a rebound.
19:20 of 2nd period - Max Reinhart is hit by Noel Acciari.
19:58 of 2nd period - Icing by Tomas Kundratek.
19:59 of 2nd period - Cédric Lalonde-McNicoll wins face-off versus Brendan Gaunce in Knights zone.
Goals for this period are 4 for Remparts vs 0 for Knights.
Shots for this period are 13 for Remparts vs 12 for Knights.

3rd period


0:01 of 3rd period - Noel Acciari wins face-off versus Cédric Lalonde-McNicoll in neutral zone.
0:28 of 3rd period - Icing by Cédric Lalonde-McNicoll.
0:29 of 3rd period - Cédric Lalonde-McNicoll wins face-off versus Brendan Gaunce in Remparts zone.
0:36 of 3rd period - Josh Bailey is hit by Daniel Paille and loses puck.
0:55 of 3rd period - Snap shot by Cédric Lalonde-McNicoll.
0:55 of 3rd period - Stopped by Magnus Hellberg without a rebound.
0:56 of 3rd period - Max Reinhart wins face-off versus Miro Aaltonen in Knights zone.
1:28 of 3rd period - Snap shot by Nail Yakupov.
1:28 of 3rd period - Deflect By Roberts Lipsbergs.
1:28 of 3rd period - Shot Blocked by Jaccob Slavin.
1:28 of 3rd period - Puck is out of play.
1:29 of 3rd period - Noel Acciari wins face-off versus Cédric Lalonde-McNicoll in Knights zone.
1:38 of 3rd period - Wrist shot by Noel Acciari.
1:38 of 3rd period - Stopped by Tyler Plante with a rebound.
1:40 of 3rd period - Snap shot by Noel Acciari.
1:40 of 3rd period - Shot Blocked by Viktor Baldayev.
1:44 of 3rd period - Wrist shot by Pavel Buchnevich.
1:44 of 3rd period - Shot Blocked by Daniel Paille.
1:54 of 3rd period - Max Reinhart is hit by Jordan Martinook.
3:23 of 3rd period - Slapshot by Miro Aaltonen.
3:23 of 3rd period - Stopped by Tyler Plante with a rebound.
4:01 of 3rd period - Snap shot by Brendan Gaunce.
4:01 of 3rd period - Shot Misses the Net.
4:03 of 3rd period - Slapshot by Scott Wilson.
4:03 of 3rd period - Shot Blocked by Cédric Lalonde-McNicoll.
4:19 of 3rd period - Michal Jordan is hit by Linden Vey and loses puck.
4:26 of 3rd period - Slapshot by Miro Aaltonen.
4:26 of 3rd period - Stopped by Tyler Plante without a rebound.
4:27 of 3rd period - Max Reinhart wins face-off versus Noel Acciari in Remparts zone.
4:36 of 3rd period - Snap shot by Noel Acciari.
4:36 of 3rd period - Stopped by Tyler Plante with a rebound.
6:23 of 3rd period - Tomas Kundratek is hit by Max Reinhart and loses puck.
7:17 of 3rd period - Erik Gustafsson is hit by Josh Bailey and loses puck.
7:37 of 3rd period - Erik Gustafsson is hit by Michael Raffl and loses puck.
8:01 of 3rd period - Minor Penalty to Jordan Martinook for Interference.
8:02 of 3rd period - Linden Vey wins face-off versus Max Reinhart in Knights zone.
8:13 of 3rd period - Slapshot by Michal Jordan.
8:13 of 3rd period - Shot Blocked by Linden Vey.
8:15 of 3rd period - Slapshot by Griffin Reinhart.
8:15 of 3rd period - Shot Misses the Net.
8:17 of 3rd period - Wrist shot by Max Reinhart.
8:17 of 3rd period - Goal by Max Reinhart - Remparts : 5 - Knights : 1.
8:18 of 3rd period - Noel Acciari wins face-off versus Max Reinhart in neutral zone.
8:40 of 3rd period - Icing by Jaccob Slavin.
8:41 of 3rd period - Miro Aaltonen wins face-off versus Chris Mueller in Knights zone.
8:58 of 3rd period - Michal Jordan is hit by Jordan Martinook and loses puck.
9:05 of 3rd period - Michael Matheson is hit by Chris Mueller and loses puck.
9:14 of 3rd period - Wrist shot by Justin Williams.
9:14 of 3rd period - Shot Misses the Net.
9:16 of 3rd period - Slapshot by Brandon Gormley.
9:16 of 3rd period - Shot Misses the Net.
9:18 of 3rd period - Snap shot by Juuso Ikonen.
9:18 of 3rd period - Stopped by Magnus Hellberg with a rebound.
9:20 of 3rd period - Slapshot by Erik Gustafsson.
9:20 of 3rd period - Shot Blocked by Jaccob Slavin.
9:22 of 3rd period - Wrist shot by Chris Mueller.
9:22 of 3rd period - Goal by Chris Mueller - Remparts : 6 - Knights : 1.
9:23 of 3rd period - Noel Acciari wins face-off versus Max Reinhart in neutral zone.
9:26 of 3rd period - Snap shot by Jared Spurgeon.
9:26 of 3rd period - Stopped by Tyler Plante with a rebound.
9:50 of 3rd period - Jared Spurgeon is hit by Brandon Gormley and loses puck.
9:55 of 3rd period - Snap shot by Brandon Mashinter.
9:55 of 3rd period - Stopped by Magnus Hellberg without a rebound.
9:56 of 3rd period - Miro Aaltonen wins face-off versus Brandon Mashinter in Knights zone.
10:46 of 3rd period - Slapshot by Jaccob Slavin.
10:46 of 3rd period - Deflect By Chris Mueller.
10:46 of 3rd period - Stopped by Tyler Plante with a rebound.
10:48 of 3rd period - Backhand shot by Tom Wilson.
10:48 of 3rd period - Stopped by Tyler Plante with a rebound.
10:50 of 3rd period - Wrist shot by Valentin Zykov.
10:50 of 3rd period - Shot Misses the Net.
10:52 of 3rd period - Slapshot by Jaccob Slavin.
10:52 of 3rd period - Deflect By Erik Gustafsson.
10:52 of 3rd period - Stopped by Tyler Plante with a rebound.
11:18 of 3rd period - Snap shot by Brandon Gormley.
11:18 of 3rd period - Deflect By Tomas Kundratek.
11:18 of 3rd period - Stopped by Magnus Hellberg with a rebound.
11:23 of 3rd period - Off-side.
11:24 of 3rd period - Brendan Gaunce wins face-off versus Cédric Lalonde-McNicoll in neutral zone.
11:26 of 3rd period - Off-side.
11:27 of 3rd period - Noel Acciari wins face-off versus Cédric Lalonde-McNicoll in neutral zone.
12:31 of 3rd period - Minor Penalty to Ryan Strome for Boarding.
12:32 of 3rd period - Max Reinhart wins face-off versus Noel Acciari in Remparts zone.
12:32 of 3rd period - Max Reinhart is hit by Michael Raffl.
12:40 of 3rd period - Snap shot by Michael Raffl.
12:40 of 3rd period - Shot Misses the Net.
13:04 of 3rd period - Guillaume Desbiens is hit by Linden Vey.
13:16 of 3rd period - Snap shot by Cédric Lalonde-McNicoll.
13:16 of 3rd period - Stopped by Magnus Hellberg with a rebound.
13:18 of 3rd period - Snap shot by Cédric Lalonde-McNicoll.
13:18 of 3rd period - Stopped by Magnus Hellberg with a rebound.
13:24 of 3rd period - Slapshot by Cédric Lalonde-McNicoll.
13:24 of 3rd period - Stopped by Magnus Hellberg with a rebound.
14:31 of 3rd period - Penalty to Ryan Strome is over, Ryan Strome is back on ice.
14:58 of 3rd period - Icing by Cédric Lalonde-McNicoll.
14:59 of 3rd period - Brendan Gaunce wins face-off versus Brandon Mashinter in Remparts zone.
15:50 of 3rd period - Slapshot by Griffin Reinhart.
15:50 of 3rd period - Stopped by Magnus Hellberg without a rebound.
15:51 of 3rd period - Noel Acciari wins face-off versus Max Reinhart in Knights zone.
16:17 of 3rd period - Minor Penalty to Brandon Mashinter for Hooking.
16:18 of 3rd period - Max Reinhart wins face-off versus Noel Acciari in Remparts zone.
16:54 of 3rd period - Wrist shot by Jaccob Slavin.
16:54 of 3rd period - Stopped by Tyler Plante without a rebound.
16:55 of 3rd period - Cédric Lalonde-McNicoll wins face-off versus Miro Aaltonen in Remparts zone.
17:30 of 3rd period - Josh Bailey is hit by Michal Jordan and loses puck.
17:48 of 3rd period - Wrist shot by Pavel Buchnevich.
17:48 of 3rd period - Goal by Pavel Buchnevich - Remparts : 6 - Knights : 2.
17:49 of 3rd period - Cédric Lalonde-McNicoll wins face-off versus Noel Acciari in neutral zone.
17:52 of 3rd period - Wrist shot by Brandon Gormley.
17:52 of 3rd period - Shot Misses the Net.
17:54 of 3rd period - Slapshot by Ryan Strome.
17:54 of 3rd period - Stopped by Magnus Hellberg with a rebound.
17:56 of 3rd period - Slapshot by Daniel Paille.
17:56 of 3rd period - Stopped by Magnus Hellberg without a rebound.
17:57 of 3rd period - Cédric Lalonde-McNicoll wins face-off versus Noel Acciari in Knights zone.
18:26 of 3rd period - Slapshot by Brandon Gormley.
18:26 of 3rd period - Shot Misses the Net.
18:28 of 3rd period - Wrist shot by Brandon Mashinter.
18:28 of 3rd period - Shot Misses the Net.
18:30 of 3rd period - Slapshot by Erik Gustafsson.
18:30 of 3rd period - Shot Blocked by Josh Morrissey.
19:17 of 3rd period - Minor Penalty to Juuso Ikonen for Interference.
19:18 of 3rd period - Max Reinhart wins face-off versus Miro Aaltonen in Remparts zone.
19:34 of 3rd period - Snap shot by Miro Aaltonen.
19:34 of 3rd period - Shot Misses the Net.
Goals for this period are 2 for Remparts vs 1 for Knights.
Shots for this period are 12 for Remparts vs 10 for Knights.